 Dungeon Crawl Stone Soup version 0.30.0 (webtiles) character file.

Game seed: 7614906419633450239

117 Ayyar the Trooper (level 5, 0/47 HPs)
             Began as a Hill Orc Fighter on May 10, 2023.
             Slain by Ijyb
             ... wielding a +0 club
              (4 damage)
             ... on level 3 of the Dungeon.
             The game lasted 00:05:25 (2065 turns).

Ayyar the Trooper (Hill Orc Fighter)                Turns: 2065, Time: 00:05:26

Health: 0/47       AC:  7    Str: 21    XL:     5   Next: 1%
Magic:  5/5        EV:  9    Int:  8    God:
Gold:   136        SH:  4    Dex: 10    Spells: 4/4 levels left

rFire   . . .        a - +0 war axe
rCold   . . .        c - +0 buckler
rNeg    . . .        b - +0 scale mail
rPois   .            (no helmet)
rElec   .            (no cloak)
rCorr   .            (no gloves)
SInv    .            (no boots)
Will    .....        (no amulet) Stlth
                     (no ring)
HPRegen 0.27/turn    (no ring)
MPRegen 0.09/turn

%: no passive effects
@: no status effects
A: no striking features
a: no special abilities


You were on level 3 of the Dungeon.
You visited 1 branch of the dungeon, and saw 3 of its levels.

You collected 136 gold pieces.

Inventory:

Hand Weapons
 a - a +0 war axe (weapon)
 f - a +2 whip of draining
Armour
 b - a +0 scale mail (worn)
 c - a +0 buckler (worn)
Jewellery
 l - an amulet of magic regeneration
Scrolls
 e - 2 scrolls of fog {unknown}
 k - a scroll of butterflies {unknown}
 n - a scroll of immolation {unknown}
 r - a scroll of amnesia {unknown}
 s - a scroll of identify {unknown}
Potions
 d - a potion of might
 g - a potion of cancellation {unknown}
 h - a potion of resistance {unknown}
 i - a potion of invisibility {unknown}
 j - a potion of curing {unknown}
 m - a potion of lignification {unknown}
 o - a potion of brilliance {unknown}
 p - a potion of heal wounds {unknown}
 q - a potion of berserk rage {unknown}


   Skills:
 + Level 4.4 Fighting
 + Level 4.0 Axes
 + Level 4.1 Armour
 + Level 4.0 Shields
 + Level 1.2 Invocations


You had 4 spell levels left.
You didn't know any spells.
Your spell library contained the following spells:

 Spells                   Type           Power      Damage    Failure   Level
 Slow                     Hex            0%         N/A       80%         1
 Blink                    Tloc           0%         N/A       91%         2
 Lesser Beckoning         Tloc           0%         N/A       91%         2
 Momentum Strike          Conj/Tloc      0%         3d8       91%         2
 Confusing Touch          Hex            0%         N/A       99%         3
 Vampiric Draining        Necr           0%         2d6       99%         3


Dungeon Overview and Level Annotations

Branches:
Dungeon (3/15)

Altars:

Annotations:
D:3 Ijyb


Message History

The adder hisses angrily.
Ijyb the Twisted Goblin comes into view.
She is wielding a +0 club and carrying a wand of quicksilver (12).
Ijyb shouts!
You see here 8 gold pieces.
You now have 136 gold pieces (gained 8).
The adder barely misses you.
You barely miss Ijyb. You slash the adder!
The adder bites you but does no damage. Ijyb barely misses you.
The adder bites you but does no damage. Ijyb barely misses you.
You closely miss Ijyb. You slash the adder!
You kill the adder!
Ijyb zaps a wand.
The bolt of dispelling energy misses you.
You have reached level 5!
You feel stronger.
You hit Ijyb.
Ijyb is lightly wounded.
Ijyb zaps a wand.
The bolt of dispelling energy hits you!
You barely miss Ijyb.
Ijyb is lightly wounded.
Ijyb hits you with a +0 club. x2
You block Ijyb's attack.
You barely miss Ijyb.
Ijyb is lightly wounded.
Ijyb zaps a wand.
The bolt of dispelling energy hits you.
You hit Ijyb.
Ijyb is moderately wounded.
Ijyb hits you with a +0 club.
You barely miss Ijyb.
Ijyb is moderately wounded.
Ijyb hits you with a +0 club.
You miss Ijyb.
Ijyb is moderately wounded.
Ijyb zaps a wand.
The bolt of dispelling energy hits you!
Ijyb zaps a wand.
The bolt of dispelling energy hits you!
* * * LOW HITPOINT WARNING * * *
You slash Ijyb!
Ijyb is heavily wounded.
Ijyb hits you with a +0 club.
You die...

.........# #....#
##...#.
.........###....#
###.#.
......†.......###
#.#.
.........######
#..> .........#
###+ .........#
#####...
.[.......#
#.......
########.#
#.......
########@#.#
#......)
......†.g..#
#......)
########.###
#....... #[#
#######. #.#
..... $.# .....
### ..... .....
#.....


You could see Ijyb.

Vanquished Creatures
  An orc priest (D:3)
  2 adders
  A worm (D:2)
  3 orcs (D:3)
  5 endoplasms
  2 giant cockroaches (D:2)
  5 goblins
  2 hobgoblins
  4 jackals (D:2)
  7 kobolds
  4 quokkas
  7 ball pythons
  11 bats
  4 frilled lizards
  6 rats
64 creatures vanquished.

Notes
Turn   | Place    | Note
-------+----------+-------------------------------------------
     0 | D:1      | Ayyar the Hill Orc Fighter began the quest for the Orb.
     0 | D:1      | Reached XP level 1. HP: 19/19 MP: 1/1
   211 | D:1      | Reached XP level 2. HP: 26/27 MP: 2/2
  1115 | D:2      | Reached XP level 3. HP: 32/33 MP: 3/3
  1718 | D:3      | Reached XP level 4. HP: 40/40 MP: 4/4
  1790 | D:3      | Identified the +2 ring mail of Udecufen {Regen+}
  1893 | D:3      | Reached skill level 1 in Invocations
  2054 | D:3      | Noticed Ijyb
  2058 | D:3      | Reached XP level 5. HP: 47/47 MP: 5/5
  2065 | D:3      | Slain by Ijyb

Illustrated notes

Levels and vault maps discovered:
D:1:      psy_arrival_terrarium, layout_loops_corners,
          chequers_serial_rivers_small_3
D:2:      layout_basic, minmay_pentomino_x4
D:3:      layout_basic, uniq_ijyb

Skill      XL: |  1  2  3  4 |
---------------+-------------+-----
Axes           | 3 4 |  4.0
Fighting       | 4 |  4.4
Armour         | 4 |  4.1
Shields        | 4 |  4.0
Invocations    | 1 |  1.2

Action                     |  1- 3 |  4- 6 || total
---------------------------+-------+-------++-------
  Melee: War axe           |   131 |    41 ||   172
 Armour: Scale mail        |    83 |    24 ||   107
  Dodge: Dodged            |    67 |    25 ||    92
  Block: Buckler           |    18 |    10 ||    28
